 Dungeon Crawl Stone Soup version 0.20-a0-681-gf83e07f (webtiles) character file.

20476 shpingle the Grappler (level 12, -8/104 HPs)
             Began as a Troll Chaos Knight on Feb 19, 2017.
             Mangled by an eight-headed hydra (20 damage)
             ... on level 3 of the Lair of Beasts.
             The game lasted 00:53:24 (12157 turns).

shpingle the Grappler (Troll Chaos Knight)         Turns: 12157, Time: 00:53:25

Health: -8/104     AC:  8    Str: 36    XL:     12   Next: 45%
Magic:  0/12       EV: 17    Int:  8    God:    Xom [*.....]
Gold:   558        SH: 13    Dex: 18    Spells: 11/11 levels left

rFire    . . .     SeeInvis .     - Unarmed
rCold    x . .     Gourm    +   Q - +1 robe of the Pleiades {+Fly rC- Str+8 Dex+3}
rNeg     . . .     Faith    .   J - +0 shield
rPois    .         Spirit   +   Y - +2 hat
rElec    +         Reflect  .   K - scarf {Spirit}
rCorr    +         Harm     .   (gloves unavailable)
MR       .....                  (boots unavailable)
Stlth    ++........             D - amulet of magic regeneration
Regen    0.7/turn               I - ring of resist corrosion
MPRegen  0.2/turn               y - +3 ring of strength

@: lethally poisoned (-8 -> -12)
A: unfitting armour, claws 3, fangs 1, hooves 1, horns 1, agile 1, blurry vision
1, fast metabolism 3, gourmand, regeneration 1, shaggy fur 1, electricity
resistance, strong 1, tough skin 2, evolution 1
a: Renounce Religion, Evoke Flight


You were on level 3 of the Lair of Beasts.
You worshipped Xom.
You were a special plaything of Xom.
You were completely stuffed.

You visited 3 branches of the dungeon, and saw 16 of its levels.
You also visited: Ossuary.

You collected 882 gold pieces.
You spent 324 gold pieces at shops.

Inventory:

Hand Weapons
 a - a +4 blowgun
Missiles
 n - 3 tomahawks (quivered)
 o - a large rock
 z - a needle of sleeping
 G - 2 throwing nets
 R - 55 poisoned needles
 U - 5 curare-tipped needles
Armour
 m - a +0 cloak
 A - a +2 robe
 J - a +0 shield (worn)
 K - a scarf of spirit shield (worn)
 Q - the +1 robe of the Pleiades (worn) {+Fly rC- Str+8 Dex+3}
   (You bought it in a shop on level 10 of the Dungeon)

   It affects your strength (+8).
   It affects your dexterity (+3).
   It makes you vulnerable to cold.
   It lets you fly.
 Y - a +2 hat (worn)
Jewellery
 i - an uncursed ring of stealth
 y - a +3 ring of strength (left claw)
 D - an amulet of magic regeneration (around neck)
 I - a ring of resist corrosion (right claw)
 L - an uncursed ring of ice
Wands
 O - a wand of iceblast (2/15)
 S - a wand of iceblast (8/15)
 X - a wand of confusion (18/48)
 Z - a wand of polymorph (8/24)
Scrolls
 c - 2 scrolls of magic mapping
 p - 7 scrolls of remove curse
 q - 4 scrolls of blinking
 t - 2 scrolls of immolation
 u - 2 scrolls of identify
 v - 3 scrolls of vulnerability
 w - 8 scrolls of teleportation
 H - 6 scrolls of amnesia
 P - a scroll of holy word {unknown}
 V - a scroll of fear
Potions
 d - 2 potions of might
 h - 2 potions of invisibility
 s - 2 potions of heal wounds {unknown}
 x - 3 potions of berserk rage
 B - 3 potions of mutation
 C - a potion of cancellation {god gift}
 F - 4 potions of haste
 M - a potion of ambrosia
 T - a potion of agility
 W - a potion of flight
Books
 E - a book of Callings

   Spells                             Type                      Level
   a - Summon Small Mammal            Summoning                    1
   b - Call Imp                       Summoning                    2
   c - Call Canine Familiar           Summoning                    3
   d - Summon Guardian Golem          Hexes/Summoning              3
   e - Summon Lightning Spire         Summoning/Air                4
   f - Summon Ice Beast               Ice/Summoning                4
 N - a book of Air

   Spells                             Type                      Level
   a - Shock                          Conjuration/Air              1
   b - Swiftness                      Charms/Air                   2
   c - Static Discharge               Conjuration/Air              3
   d - Airstrike                      Air                          4
   e - Lightning Bolt                 Conjuration/Air              5
Comestibles
 b - 10 bread rations
 f - 15 fruits
 k - 20 royal jellies
 l - 5 meat rations


   Skills:
 - Level 2.4 Fighting
 + Level 5.1 Throwing
 + Level 10.6 Dodging
 + Level 8.1 Shields
 + Level 12.3 Unarmed Combat
 + Level 2.1 Evocations


You had 11 spell levels left.
You didn't know any spells.

Dungeon Overview and Level Annotations

Branches:
Dungeon (12/15)            Temple (1/1) D:5            Lair (3/6) D:10
  Swamp (0/4) Lair:3          Orc (0/2) D:9
  Snake: Lair:2-4    Spider: Lair:2-4

Altars:
Ashenzari
Cheibriados
Dithmenos
Elyvilon
Fedhas
Gozag
Hepliaklqana
Kikubaaqudgha
Makhleb
Nemelex Xobeh
Okawaru
Qazlal
Ru
Sif Muna
Trog
Uskayaw
Vehumet
Xom
Yredelemnul
Zin
The Shining One
Beogh

Shops:
D:4 *   D:10 *

Annotations:
D:4 1 runed door
Lair:1 exclusion: 4 oklob plants


Innate Abilities, Weirdness & Mutations

You are too large for most types of armour.
You have claws for hands.
Your metabolism is lightning-fast.
You like to eat raw meat.
Your natural rate of healing is unusually fast.
You are covered in fur. (AC +1)
You have very tough skin. (AC +2)
You have very sharp teeth.
You have large cloven feet.
You have a pair of small horns on your head.
You are agile. (Dex +2)
Scrolls take you a little longer to read.
You are resistant to electric shocks. (rElec)
Your muscles are strong. (Str +2)
You evolve.


Message History

* * * LOW HITPOINT WARNING * * *
The eight-headed hydra misses you. The eight-headed hydra bites you!
* * * LOW HITPOINT WARNING * * *
You block the eight-headed hydra's attack.
Press: ? - help, v - describe, . - travel
Here: an eight-headed hydra (lightly wounded, fast, unusually strong, frenzied and insane) Some shallow water.
Really read with blurry vision while enemies are nearby? [Y]es or [N]o only, please.
Really read with blurry vision while enemies are nearby?
Okay, then.
Unknown command.
Okay, then.
Press: ? - help, v - describe, . - travel
Here: an eight-headed hydra (lightly wounded, fast, unusually strong, frenzied and insane) Some shallow water.
Okay, then.
Really read with blurry vision while enemies are nearby?
You feel sick. The eight-headed hydra bites you!!
You die...

........... ♣≈≈≈≈≈≈≈≈≈P
. ......... ♣≈≈≈≈≈≈≈≈≈♣
. #P.....##♣♣♣≈≈≈≈≈≈♣≈♣≈
. #......##.♣♣≈≈≈≈≈≈≈≈≈♣
####........♣♣≈≈≈≈≈≈≈P≈≈
.###....##...♣≈≈†≈≈♣♣≈P♣
.##.....##....P≈†≈PPP≈♣.
.###.....#....≈PD≈≈≈≈≈..
##.#....##..##≈♣@≈≈≈♣≈..
##......#..P..#.♣≈P≈P...
.................≈♣≈.◙.+
..............↑.........
#.################....##
### #####


You could see a neutral eight-headed hydra (insane).

Vanquished Creatures
  Harold (Lair:2)
  2 two-headed ogres
  Sonja (D:10)
  The ghost of bza the Cleaver, a novice DDFi of Makhleb (D:7)
  2 black mambas (Lair:1)
  2 spiny frogs (Lair:3)
  2 komodo dragons (Lair:2)
  A hellwing (D:9)
  Grinder (D:5)
  10 blink frogs
  2 hippogriffs
  A hornet (Lair:1)
  Sigmund (D:4)
  The ghost of fooot the Sneak, an amateur SpEn (Ossuary)
  28 yaks
  Menkaure (D:4)
  2 wargs (D:10)
  7 water moccasins
  3 porcupines
  6 orc warriors
  A sky beast (D:6)
  2 ogres
  2 ice beasts
  A black bear (D:9)
  A phantom (D:10)
  A necrophage (D:5)
  3 centaurs
  3 crocodiles
  3 big kobolds
  5 bullfrogs
  A wyvern zombie (D:7)
  3 scorpions
  An electric eel (Lair:1)
  A bullfrog zombie (D:5)
  6 centaur zombies
  2 crimson imps (D:5)
  7 hounds
  2 quasits
  4 bullfrog skeletons
  7 orc priests
  5 jellies
  11 orc wizards
  A centaur skeleton (D:5)
  Terence (D:2)
  4 iguanas
  Natasha (thrice) (D:3)
  8 hell rats (Lair:2)
  9 worker ants
  2 killer bee zombies
  2 big kobold zombies (Ossuary)
  A howler monkey zombie (D:7)
  5 mummies
  Robin (D:4)
  7 gnolls
  10 adders
  11 river rats (Lair:2)
  4 shadow imps
  5 oozes (D:9)
  An adder zombie (D:8)
  2 worms
  7 leopard geckos
  40 orcs
  7 giant cockroaches
  8 goblins
  9 hobgoblins
  10 jackals
  27 kobolds
  11 quokkas
  2 ball pythons
  5 bats
  7 frilled lizards
  6 hobgoblin zombies (Ossuary)
  2 leopard gecko skeletons
  2 leopard gecko zombies (D:6)
  19 rats
  A spectral orc (D:4)
387 creatures vanquished.

Vanquished Creatures (collateral kills)
  A wolf spider zombie (D:9)
  2 centaur skeletons (D:9)
  A hellwing (D:9)
  2 yaks (D:9)
  A bullfrog (Lair:3)
  2 electric eels (Lair:3)
  2 shadow imps (D:9)
  An orc (D:9)
12 creatures vanquished.

Vanquished Creatures (others)
  An orc wizard (D:8)
  A fungus (Lair:2)
  2 plants
4 creatures vanquished.

Grand Total: 403 creatures vanquished

Notes
Turn   | Place    | Note
-------+----------+-------------------------------------------
     0 | D:1      | shpingle the Troll Chaos Knight began the quest for the Orb.
     0 | D:1      | Reached XP level 1. HP: 22/22 MP: 0/0
   225 | D:1      | XOM: harmless Erth miscast
   255 | D:1      | Reached XP level 2. HP: 29/29 MP: 1/1
   285 | D:1      | XOM: mild Summ miscast
   781 | D:2      | XOM: silly message
   807 | D:2      | XOM: harmless Conj miscast
   900 | D:2      | Noticed Terence
   900 | D:2      | XOM: give mutations
   900 | D:2      | Gained mutation: Your body sometimes deteriorates upon taking damage. [Xom's mischief]
   900 | D:2      | Gained mutation: You are partially covered in thin metallic scales. (AC +2) [Xom's mischief]
   900 | D:2      | Gained mutation: Scrolls take you a little longer to read. [Xom's mischief]
   906 | D:2      | Killed Terence
   906 | D:2      | Reached XP level 3. HP: 36/36 MP: 2/2
  1009 | D:2      | XOM: polymorph jackal -> adder
  1012 | D:2      | Reached skill level 4 in Unarmed Combat
  1037 | D:2      | Reached XP level 4. HP: 44/44 MP: 3/3
  1045 | D:2      | Reached skill level 3 in Dodging
  1346 | D:2      | Found a sparkling altar of Nemelex Xobeh.
  1414 | D:3      | XOM: give mutation
  1414 | D:3      | Gained mutation: You are dopey. (Int -2) [Xom's mischief]
  1625 | D:3      | XOM: potion effect (haste)
  1629 | D:3      | Reached XP level 5. HP: 45/50 MP: 4/4
  1767 | D:3      | XOM: harmless Summ miscast
  1869 | D:3      | Noticed Natasha
  1869 | D:3      | XOM: harmless Divn miscast
  1902 | D:3      | XOM: summons 1 hostile demon
  1908 | D:3      | Killed Natasha
  2051 | D:3      | Noticed Natasha
  2065 | D:3      | XOM: harmless Chrm miscast
  2067 | D:3      | Killed Natasha
  2494 | D:3      | Noticed Natasha
  2499 | D:3      | Killed Natasha
  2499 | D:3      | Reached skill level 5 in Unarmed Combat
  2532 | D:4      | Noticed Menkaure
  2541 | D:4      | Killed Menkaure
  2541 | D:4      | Reached XP level 6. HP: 16/59 MP: 5/5
  2649 | D:4      | Noticed Sigmund
  2649 | D:4      | XOM: confusion (+ monsters)
  2654 | D:4      | XOM: chaos upgrade
  2660 | D:4      | Killed Sigmund
  2660 | D:4      | Reached XP level 7. HP: 66/66 MP: 6/6
  2693 | D:4      | XOM is BORED!
  2693 | D:4      | XOM: enchant monster (bad)
  2697 | D:4      | Reached skill level 6 in Unarmed Combat
  2699 | D:4      | XOM: medium Fire miscast
  2701 | D:4      | Found a bloodstained altar of Trog.
  2774 | D:4      | XOM: harmless Tloc miscast
  2840 | D:4      | Found a basalt altar of Yredelemnul.
  3160 | D:4      | XOM: god gift: potion of cancellation {god gift}
  3173 | D:4      | Found Hutiaf's General Store.
  3230 | D:4      | Found a runed door.
  3343 | D:4      | XOM: give mutation
  3343 | D:4      | Gained mutation: Armour fits poorly on your strangely shaped body. [Xom's mischief]
  3382 | D:4      | Noticed Robin
  3426 | D:4      | Killed Robin
  3426 | D:4      | XOM: confusion (+ monsters)
  3477 | D:4      | XOM: harmless Air miscast
  3562 | D:5      | Entered Level 5 of the Dungeon
  3566 | D:5      | XOM: 1-stop teleportation journey
  3571 | D:5      | XOM: noise
  3586 | D:5      | Found a staircase to the Ecumenical Temple.
  3593 | D:5      | Noticed Grinder
  3596 | D:5      | XOM: enchant monster (bad)
  3607 | D:5      | Killed Grinder
  3607 | D:5      | Reached skill level 7 in Unarmed Combat
  3607 | D:5      | Reached XP level 8. HP: 56/74 MP: 7/7
  3652 | D:5      | Found a sand-covered staircase.
  3656 | D:5      | Reached skill level 6 in Dodging
  3662 | Ossuary  | Entered an ossuary
  3662 | Ossuary  | Noticed fooot's ghost (amateur SpEn)
  3697 | Ossuary  | Killed fooot's ghost
  3723 | Ossuary  | XOM: summons 1 hostile demon
  4105 | D:5      | Lost mutation: You are partially covered in thin metallic scales. (AC +2) [potion of mutation]
  4105 | D:5      | Lost mutation: Your body sometimes deteriorates upon taking damage. [potion of mutation]
  4105 | D:5      | Lost mutation: You are dopey. (Int -2) [potion of mutation]
  4105 | D:5      | Lost mutation: Armour fits poorly on your strangely shaped body. [potion of mutation]
  4105 | D:5      | Gained mutation: Your muscles are strong. (Str +2) [potion of mutation]
  4105 | D:5      | Gained mutation: You are resistant to electric shocks. (rElec) [potion of mutation]
  4198 | D:5      | Reached skill level 8 in Unarmed Combat
  4325 | D:5      | XOM: enchant monster (bad)
  4839 | Temple   | Entered the Ecumenical Temple
  4850 | Temple   | XOM: 3-stop teleportation journey
  5058 | D:6      | XOM: confusion (+ monsters)
  5114 | D:6      | Reached XP level 9. HP: 79/79 MP: 8/8
  5121 | D:6      | XOM: enchant monster (bad)
  5186 | D:6      | Found a hazy altar of Hepliaklqana.
  5271 | D:6      | Found an iron altar of Okawaru.
  5522 | D:7      | Noticed bza's ghost (novice DDFi)
  5534 | D:7      | Killed bza's ghost
  5534 | D:7      | Reached skill level 9 in Unarmed Combat
  5624 | D:7      | XOM: summons 4 hostile demons
  5625 | D:7      | Noticed a red devil
  5636 | D:7      | XOM: butterfly on damage
  5638 | D:7      | HP: 4/80 [red devil/demon trident of freezing[Xom] (1)]
  5651 | D:7      | XOM: stat loss: -1 Str (24/27)
  5912 | D:7      | Reached skill level 3 in Shields
  5986 | D:7      | XOM: scenery: create altars
  6578 | D:8      | Reached XP level 10. HP: 67/88 MP: 9/9
  6737 | D:8      | XOM: confuse monster(s)
  6856 | D:8      | XOM: polymorph worker ant -> iguana
  6992 | D:8      | XOM: give mutation
  6992 | D:8      | Gained mutation: You have a pair of small horns on your head. [Xom's grace]
  7432 | D:8      | XOM: fog
  7444 | D:8      | Reached skill level 10 in Unarmed Combat
  7709 | D:9      | XOM: cast spell 'Ring of Flames'
  7716 | D:9      | XOM: divination: detect items
  7723 | D:9      | XOM: summons 5 friendly demons
  7730 | D:9      | XOM: enchant monster (bad)
  7731 | D:9      | Reached skill level 9 in Dodging
  7961 | D:9      | XOM: noise
  7962 | D:9      | Noticed a two-headed ogre
  7977 | D:9      | Reached skill level 11 in Unarmed Combat
  7977 | D:9      | Reached XP level 11. HP: 73/94 MP: 10/10
  7985 | D:9      | Killed a two-headed ogre
  7985 | D:9      | Reached skill level 6 in Shields
  8029 | D:9      | XOM: 2-stop teleportation journey
  8193 | D:9      | XOM: polymorph ogre -> ice beast
  8245 | D:9      | XOM: confuse monster(s)
  8254 | D:9      | XOM: summons 5 friendly demons
  8347 | D:9      | Found a staircase to the Orcish Mines.
  8351 | D:9      | Found a roughly hewn altar of Beogh.
  8351 | D:9      | XOM: scenery: 1 doors open
  8434 | D:9      | XOM: confuse monster(s)
  8436 | D:9      | XOM: summons friendly white imp
  8445 | D:9      | XOM: stat loss: -1 Str (26/27)
  8597 | D:10     | Entered Level 10 of the Dungeon
  8620 | D:10     | Noticed Sonja
  8644 | D:10     | Killed Sonja
  8721 | D:10     | Found Kocsy's Assorted Antiques.
  8729 | D:10     | Bought 2 scrolls labeled MOASU ROENI for 56 gold pieces
  8729 | D:10     | Bought an ichor-stained robe for 159 gold pieces
  8729 | D:10     | Bought a sedimented ruby potion for 25 gold pieces
  8729 | D:10     | Bought a scroll labeled SOREZA DYTS for 28 gold pieces
  8729 | D:10     | Bought a scroll labeled HABINN TAANERPH for 28 gold pieces
  8729 | D:10     | Bought a scroll labeled FIDGHA NEDGHE for 28 gold pieces
  8739 | D:10     | Identified the cursed +1 robe of the Pleiades {+Fly rC- Str+8 Dex+3} (You bought it in a shop on level 10 of the Dungeon)
  8747 | D:10     | You fall through a shaft for 2 floors!
  8762 | D:12     | XOM: confusion (+ monsters)
  8812 | D:12     | XOM: mild Summ miscast
  8970 | D:10     | Noticed a two-headed ogre
  8974 | D:10     | XOM: harmless Pois miscast
  8979 | D:10     | Killed a two-headed ogre
  9004 | D:10     | Reached skill level 3 in Throwing
  9016 | D:10     | XOM: god gift: shiny scale mail {god gift}
  9146 | D:10     | XOM: cast spell 'Alistair's Intoxication'
  9159 | D:10     | Found a staircase to the Lair.
  9187 | D:10     | XOM: confuse monster(s)
  9249 | D:10     | XOM: mild Tloc miscast
  9293 | Lair:1   | Entered Level 1 of the Lair of Beasts
  9584 | Lair:1   | Identified a scroll of acquirement
  9728 | Lair:1   | XOM: give mutations
  9728 | Lair:1   | Gained mutation: You have very sharp teeth. [Xom's grace]
  9728 | Lair:1   | Gained mutation: You evolve. [Xom's grace]
  9728 | Lair:1   | Gained mutation: You are agile. (Dex +2) [Xom's grace]
  9728 | Lair:1   | Gained mutation: You have large cloven feet. [Xom's grace]
  9785 | Lair:1   | XOM: polymorph yak -> hornet
  9789 | Lair:1   | XOM: noise
  9860 | Lair:1   | Noticed an oklob plant
  9860 | Lair:1   | Noticed an oklob plant
  9860 | Lair:1   | Noticed an oklob plant
  9994 | Lair:1   | Noticed an oklob plant
 10018 | Lair:1   | XOM: harmless Necr miscast
 10364 | Lair:2   | XOM: blink monster(s)
 10367 | Lair:2   | Reached skill level 12 in Unarmed Combat
 10368 | Lair:2   | XOM: enchant monster (bad)
 10402 | Lair:2   | Reached XP level 12. HP: 104/104 MP: 11/11
 10613 | Lair:2   | XOM: summons 3 hostile demons
 10695 | Lair:2   | XOM: mild Chrm miscast
 10736 | Lair:2   | Noticed a four-headed hydra
 10752 | Lair:2   | XOM: god gift: triple crossbow {god gift}
 10770 | Lair:2   | Noticed an emperor scorpion
 10770 | Lair:2   | a four-headed hydra changed into an emperor scorpion
 10770 | Lair:2   | XOM: polymorph four-headed hydra -> emperor scorpion
 10775 | Lair:2   | XOM: confusion (+ monsters)
 10781 | Lair:2   | XOM: smoke on damage
 11089 | Lair:2   | XOM: divination: magic mapping
 11186 | Lair:2   | XOM is BORED!
 11186 | Lair:2   | XOM: draining
 11197 | Lair:2   | XOM: medium Summ miscast
 11397 | Lair:2   | XOM: scenery: create altars
 11399 | Lair:2   | XOM: cast spell 'Olgreb's Toxic Radiance'
 11509 | Lair:2   | Noticed Harold
 11514 | Lair:2   | XOM: cast spell 'Summon Mana Viper'
 11520 | Lair:2   | Killed Harold
 11828 | Lair:2   | XOM: confuse monster(s)
 11832 | Lair:2   | XOM: cleaving
 11856 | Lair:3   | XOM: divination: magic mapping
 11858 | Lair:3   | XOM: summons friendly iron imp
 11952 | Lair:3   | Found a staircase to the Swamp.
 12021 | Lair:3   | XOM: 4-stop teleportation journey
 12106 | Lair:3   | XOM: 1-stop teleportation journey
 12124 | Lair:3   | XOM: summons friendly iron imp
 12152 | Lair:3   | Noticed an eight-headed hydra
 12152 | Lair:3   | XOM: cast spell 'Discord'
 12157 | Lair:3   | Mangled by an eight-headed hydra

Vault maps used:
D:1:      scummos_arrival_star, serial_park_tiny_pond
D:2:      lemuel_round_altar, uniq_terence
D:3:      first_bread, uniq_natasha
D:4:      yredelemnul_forgotten_temple_becter, lemuel_doored_altar,
          serial_shops, shop, kennysheep_generic_room_13, uniq_robin,
          uniq_crazy_yiuf_cottage, uniq_menkaure, uniq_sigmund
D:5:      minmay_temple_entry_trees, gup_ossuary_entry_pyramid, uniq_grinder
D:6:      kennysheep_mini, overflow_temple_1_default, dk_noncrumbling_4
D:9:      cheibrodos_grave_circle, minmay_orc_entry_temple_small,
          hangedman_little_slice_of_home
D:10:     erik_lair_orcish_takeover, serial_shops, shop,
          minmay_misc_feat_pillars, uniq_sonja
D:11:     basic_altar, uniq_gastronok
Temple:   regret_index_temple_sphere_string
Lair:1:   lemuel_fruit_tree, infiniplex_staircase_pool, grunt_megastairs_5,
          serial_bayou_shore_b, serial_bayou_shore_a, minmay_lair_oklob_chamber
Lair:2:   lemuel_ratsnest, uniq_harold
Lair:3:   swamp_mist_pool, serial_bayou_lake_a, infiniplex_staircase_pool_2,
          lemuel_fruit_fields
Ossuary:  ossuary_the_hunt_dpeg

Skill      XL: |  1  2  3  4  5  6  7  8  9 10 11 12 |
---------------+-------------------------------------+-----
Dodging        | 2 3 4 5 7 8 9 10 | 10.6
Unarmed Combat | 4 5 7 8 9 11 12 | 12.3
Throwing       | 2 4 5 |  5.1
Shields        | 3 5 7 8 |  8.1
Evocations     | 2 |  2.1
Fighting       | |  2.4

Action                   |  1- 3 |  4- 6 |  7- 9 | 10-12 || total
-------------------------+-------+-------+-------+-------++-------
Melee: Unarmed           |    74 |   132 |   416 |   535 ||  1157
       Punch             |       |     3 |    11 |       ||    14
       Headbutt          |       |       |       |   125 ||   125
       Kick              |       |       |       |    80 ||    80
       Bite              |       |       |       |    33 ||    33
 Fire: Blowgun           |       |       |       |    15 ||    15
Throw: Stone             |       |     1 |       |    16 ||    17
       Tomahawk          |       |       |    33 |   107 ||   140
       Large rock        |       |       |       |     6 ||     6
       Throwing net      |       |       |       |     2 ||     2
Evoke: Wand              |       |       |       |     2 ||     2
  Use: Potion            |       |       |    20 |     4 ||    24
       Scroll            |       |       |     1 |    24 ||    25
 Stab: Sleeping          |     1 |       |       |     3 ||     4
       Distracted        |       |     1 |     1 |     1 ||     3
       Confused          |       |       |       |     5 ||     5
       Held in net/web   |       |       |       |     3 ||     3
  Eat: Chunk             |    15 |     8 |    39 |    55 ||   117
Armor: Robe              |    25 |    46 |   106 |    77 ||   254
       Skin              |       |       |     6 |    16 ||    22
Dodge: Dodged            |    39 |    71 |   170 |   220 ||   500
Block: Shield            |       |       |    58 |   240 ||   298
